 Dungeon Crawl Stone Soup version 0.28-a0-1199-gef9e1dbd39 (webtiles) character file.

Game seed: 333326821312623886

5020 Gargoyl the Fighter (level 10, -2/82 HPs)
             Began as a Gnoll Abyssal Knight on Dec 19, 2021.
             Was a Priest of Lugonu.
             Slain by a vampire mosquito (10 damage)
             ... on level 9 of the Dungeon.
             The game lasted 00:11:09 (12419 turns).

Gargoyl the Fighter (Gnoll Abyssal Knight)         Turns: 12419, Time: 00:11:09

Health: -2/82      AC: 13    Str: 22    XL:     10   Next: 55%
Magic:  19/27      EV: 12    Int: 11    God:    Lugonu [***...]
Gold:   485        SH:  0    Dex: 12    Spells: 19/19 levels left

rFire   + . .      SeeInvis .   m - +3 war axe
rCold   . . .      Faith    .   (no shield)
rNeg    . . .      Spirit   .   r - +1 scale mail of Boiling Hail {Str+6}
rPois   .          Reflect  .   i - +1 helmet
rElec   .          Harm     .   B - +0 cloak
rCorr   .          Rampage  .   k - +0 pair of gloves
Will    .....      Clarity  +   (no boots)
Stlth   ++........              (no amulet)
HPRegen 0.23/turn               e - ring of Bazxaaf {MP+9 Slay+4}
MPRegen 0.20/turn               q - ring of protection from fire

@: no status effects
A: fangs 1, strong nose, distributed training, clarity, screaming 1
a: Renounce Religion, Depart the Abyss, Bend Space, Banish


You were on level 9 of the Dungeon.
You worshipped Lugonu.
Lugonu was most pleased with you.
You visited 1 branch of the dungeon, and saw 10 of its levels.
You visited the Abyss 1 time.

You collected 590 gold pieces.
You spent 105 gold pieces at shops.

Inventory:

Hand Weapons
 a - a +1 hand axe
 l - a +0 vampiric hand axe
 m - a +3 war axe (weapon)
Missiles
 y - 45 poisoned darts (quivered)
Armour
 i - a +1 helmet (worn)
 k - a +0 pair of gloves (worn)
 r - the +1 scale mail of Boiling Hail (worn) {Str+6}
   (You found it on level 6 of the Dungeon)

   Str:       It affects your strength (+6).
 B - a +0 cloak (worn)
Jewellery
 e - the ring of Bazxaaf (left hand) {MP+9 Slay+4}
   (You acquired it on level 2 of the Dungeon)

   [ring of slaying]

   Slay:      It affects your accuracy & damage with ranged weapons and melee
   (+4).
   MP:        It affects your magic capacity (+9).
 q - a ring of protection from fire (right hand)
 t - a +4 ring of protection
 v - a ring of positive energy
 x - a ring of see invisible
 z - a ring of protection from fire
Wands
 D - a wand of digging (3)
 G - a wand of paralysis (7)
Scrolls
 j - 8 scrolls of teleportation
 n - a scroll of enchant armour
 w - 3 scrolls of fog
 A - 4 scrolls of identify
 C - a scroll of magic mapping
Potions
 b - 2 potions of brilliance
 d - a potion of cancellation
 f - 2 potions of resistance
 h - 2 potions of mutation
 o - a potion of degeneration {unknown}
 p - 2 potions of haste {unknown}
 s - a potion of flight {unknown}
 u - a potion of invisibility {unknown}
 E - a potion of curing {unknown}
 F - a potion of magic {unknown}


   Skills:
 + Level 8.6 Fighting
 + Level 5.4 Short Blades
 + Level 5.4 Long Blades
 + Level 7.1 Axes
 + Level 5.4 Maces & Flails
 + Level 5.4 Polearms
 + Level 5.4 Staves
 + Level 5.4 Slings
 + Level 5.4 Bows
 + Level 5.4 Crossbows
 + Level 5.4 Throwing
 + Level 7.1 Armour
 + Level 6.0 Dodging
 + Level 5.4 Stealth
 + Level 5.4 Shields
 + Level 5.4 Unarmed Combat
 + Level 5.4 Spellcasting
 + Level 4.4 Conjurations
 + Level 4.4 Hexes
 + Level 4.4 Summonings
 + Level 4.4 Necromancy
 + Level 4.4 Translocations
 + Level 4.4 Transmutations
 + Level 4.4 Fire Magic
 + Level 4.4 Ice Magic
 + Level 4.4 Air Magic
 + Level 4.4 Earth Magic
 + Level 4.4 Poison Magic
 + Level 7.5 Invocations
 + Level 5.4 Evocations


You had 19 spell levels left.
You didn't know any spells.
Your spell library contained the following spells:

 Spells                   Type           Power      Damage    Failure   Level
 Apportation              Tloc           24%        N/A       8%          1
 Scorch                   Fire           24%        2d6       12%         2
 Flame Wave               Conj/Fire      12%        2d5       61%         4
 Alistair's Intoxication  Tmut/Pois      8%         N/A       91%         5
 Summon Cactus Giant      Summ           6%         N/A       100%        6


Dungeon Overview and Level Annotations

Branches:
Dungeon (10/15)            Temple (0/1) D:4            Lair (0/6) D:9
    Orc: D:9-12

Altars:
Cheibriados
Fedhas
Makhleb
Nemelex Xobeh
Okawaru
Sif Muna
Trog
Uskayaw
Wu Jian
Yredelemnul
The Shining One

Shops:
D:4 :?=:   D:5 =   D:7 (

Annotations:
Abyss:1 Erolcha


Innate Abilities, Weirdness & Mutations

You have very sharp teeth.
Your uncanny sense of smell can sniff out nearby items.
Your experience applies equally to all skills.
You possess an exceptional clarity of mind.
You occasionally shout uncontrollably at your foes.


Message History

The vampire mosquito bites you but does no damage.
You closely miss the vampire mosquito. Your punch misses the vampire mosquito.
The vampire mosquito bites you but does no damage. x3
You closely miss the vampire mosquito. The vampire mosquito barely misses you.
The vampire mosquito bites you but does no damage.
You hit the vampire mosquito.
The vampire mosquito is lightly damaged.
The vampire mosquito bites you but does no damage. x2
You completely miss the vampire mosquito.
The vampire mosquito is lightly damaged.
The vampire mosquito bites you but does no damage. x2
You completely miss the vampire mosquito.
The vampire mosquito is lightly damaged.
You feel less wooden.
Your +0 cloak unmelds from your body.
Your +1 helmet unmelds from your body.
Your +0 pair of gloves unmelds from your body.
The +1 scale mail of Boiling Hail {Str+6} unmelds from your body.
The vampire mosquito bites you!
* * * LOW HITPOINT WARNING * * *
The vampire mosquito draws strength from your injuries!
The vampire mosquito bites you but does no damage.
Press: ? - help, Shift-Dir - straight line, f/p - vampire mosquito
Aim: a vampire mosquito (chance to affect: 85%)
You fail to use your ability.
The vampire mosquito bites you but does no damage.
The vampire mosquito bites you.
* * * LOW HITPOINT WARNING * * *
The vampire mosquito draws strength from your injuries!
Press: ? - help, Shift-Dir - straight line, f/p - vampire mosquito
Aim: a vampire mosquito (chance to affect: 85%)
The vampire mosquito is devoured by a tear in reality.
Lugonu claims a new guest.
The vampire mosquito completely misses you.
Unknown command.
Press: ? - help, Shift-Dir - straight line, f - vampire mosquito
Aim: a vampire mosquito (translocational energy, chance to affect: 85%)
The vampire mosquito barely resists.
The vampire mosquito bites you but does no damage.
The vampire mosquito bites you!
You die...

#.# ##........##.#.)..) #.#
#.........##...[... #.#
##.........###...... ### #.#
##..#####.#...#.#..##
..#######.###..## ##.####...###.
#.(.......##..## #..###..(..##.
#.##..........# #...#.......#.
#.............######.#.#.......##
###...........>y@..#(##..........
##.......[..####...##..........
#.............##..#.....>.....
#..........##................#
#..........########.......P...
#...######## ###.......#.
#...#.....# #.......#.
###.#.._..# ##.....##. #.#.....#
##.(.###.


You could see a vampire mosquito.

Vanquished Creatures
  A kobold demonologist (D:8)
  2 wyverns
  2 steam dragons
  4 vampire mosquitoes (D:9)
  Menkaure (D:6)
  3 wargs
  A water moccasin (D:7)
  3 orc warriors
  2 sky beasts
  An ice beast (D:5)
  2 ogres
  4 bullfrogs
  2 kobold brigands
  2 scorpions
  2 centaur zombies (D:7)
  A crimson imp (D:5)
  A bullfrog zombie (D:6)
  2 orc priests
  A jelly (D:5)
  Terence (D:3)
  7 iguanas
  3 orc wizards
  2 killer bee zombies (D:8)
  A hound skeleton (D:4)
  Robin (D:2)
  4 gnolls
  10 adders
  2 white imps
  2 worms (D:3)
  2 dart slugs (D:1)
  28 orcs
  5 endoplasms
  5 giant cockroaches
  13 goblins
  9 hobgoblins
  3 jackals (D:1)
  21 kobolds
  A quokka (D:3)
  7 ball pythons
  7 bats
  3 frilled lizards
  2 rats (D:1)
176 creatures vanquished.

Notes
Turn   | Place    | Note
-------+----------+-------------------------------------------
     0 | Abyss:1  | Gargoyl the Gnoll Abyssal Knight began the quest for the
                  | Orb.
     0 | Abyss:1  | Reached XP level 1. HP: 23/23 MP: 3/3
    44 | Abyss:2  | Noticed an iron imp
    64 | D:1      | Escaped the Abyss
   544 | D:1      | Reached XP level 2. HP: 25/29 MP: 5/5
   547 | D:1      | Reached * piety under Lugonu
  1035 | D:1      | Reached XP level 3. HP: 34/35 MP: 6/6
  1448 | D:2      | Identified a scroll of acquirement
  1448 | D:2      | Acquired the ring of Bazxaaf {MP+9 Slay+4}
  1654 | D:2      | Reached skill level 1 in Short Blades
  1654 | D:2      | Reached skill level 1 in Long Blades
  1654 | D:2      | Reached skill level 1 in Maces & Flails
  1654 | D:2      | Reached skill level 1 in Polearms
  1654 | D:2      | Reached skill level 1 in Staves
  1654 | D:2      | Reached skill level 1 in Slings
  1654 | D:2      | Reached skill level 1 in Bows
  1654 | D:2      | Reached skill level 1 in Crossbows
  1654 | D:2      | Reached skill level 1 in Throwing
  1654 | D:2      | Reached skill level 1 in Stealth
  1654 | D:2      | Reached skill level 1 in Shields
  1654 | D:2      | Reached skill level 1 in Unarmed Combat
  1654 | D:2      | Reached skill level 1 in Spellcasting
  1654 | D:2      | Reached skill level 1 in Evocations
  1654 | D:2      | Reached XP level 4. HP: 34/41 MP: 7/7
  1734 | D:2      | Reached ** piety under Lugonu
  2049 | D:2      | Noticed Robin
  2054 | D:2      | Reached skill level 1 in Conjurations
  2054 | D:2      | Reached skill level 1 in Hexes
  2054 | D:2      | Reached skill level 1 in Summonings
  2054 | D:2      | Reached skill level 1 in Necromancy
  2054 | D:2      | Reached skill level 1 in Translocations
  2054 | D:2      | Reached skill level 1 in Transmutations
  2054 | D:2      | Reached skill level 1 in Fire Magic
  2054 | D:2      | Reached skill level 1 in Ice Magic
  2054 | D:2      | Reached skill level 1 in Air Magic
  2054 | D:2      | Reached skill level 1 in Earth Magic
  2054 | D:2      | Reached skill level 1 in Poison Magic
  2073 | D:2      | Killed Robin
  2627 | D:2      | Reached XP level 5. HP: 44/47 MP: 8/8
  3396 | D:3      | Noticed Terence
  3400 | D:3      | Killed Terence
  3426 | D:3      | Found an iron altar of Okawaru.
  3427 | D:3      | Reached *** piety under Lugonu
  3667 | D:4      | Found Zikibaev's Jewellery Shop.
  3727 | D:4      | Found Idoemoan's Magic Scroll Boutique.
  3747 | D:4      | Found Sygul's Book Shoppe.
  3748 | D:4      | Noticed an ogre
  3757 | D:4      | Killed an ogre
  3758 | D:4      | Reached skill level 5 in Invocations
  3758 | D:4      | Reached XP level 6. HP: 49/53 MP: 9/9
  3783 | D:4      | Reached skill level 5 in Axes
  3783 | D:4      | Reached skill level 5 in Armour
  3855 | D:4      | Found a hide-covered altar of Uskayaw.
  4449 | D:4      | Found a staircase to the Ecumenical Temple.
  4476 | D:4      | Found Koev's Book Shoppe.
  4576 | D:4      | Bought a scroll of enchant armour for 105 gold pieces
  4623 | D:4      | Found Rareaq's Weapon Boutique.
  4725 | D:5      | Entered Level 5 of the Dungeon
  4749 | D:5      | Found Gaz Quso's Jewellery Shop.
  4908 | D:5      | Reached skill level 7 in Fighting
  4908 | D:5      | Reached XP level 7. HP: 50/60 MP: 10/10
  5999 | D:5      | Reached XP level 8. HP: 45/67 MP: 12/12
  6155 | D:5      | Found a shimmering blue altar of Sif Muna.
  6155 | D:5      | Found a burning altar of Makhleb.
  6156 | D:5      | Found a glowing golden altar of the Shining One.
  6353 | D:6      | Identified the +1 scale mail of Boiling Hail {Str+6}
  6618 | D:6      | Found a sparkling altar of Nemelex Xobeh.
  6929 | D:6      | Noticed Menkaure
  6940 | D:6      | Killed Menkaure
  7470 | D:7      | Found a snail-covered altar of Cheibriados.
  7625 | D:7      | Noticed a hornet
  7627 | D:7      | Banished a hornet
  7658 | D:7      | Found Sudgh's Firing Range.
  7731 | D:7      | Found a basalt altar of Yredelemnul.
  8374 | D:7      | Reached XP level 9. HP: 56/72 MP: 14/14
  9824 | D:9      | Reached skill level 5 in Dodging
  9827 | D:9      | Noticed a kobold demonologist
  9829 | D:9      | Noticed Erolcha
  9842 | D:8      | Noticed a sun demon
  9845 | D:8      | HP: 2/111 [chaos spawn[a kobold demonologist] (6)]
  9847 | D:8      | Killed a kobold demonologist
  9848 | D:8      | Reached skill level 8 in Fighting
 10179 | D:9      | Identified the +1 scale mail of the Endless Expanse {Dex+7}
 10497 | D:8      | Banished Erolcha
 10498 | D:8      | Reached XP level 10. HP: 64/80 MP: 17/17
 10665 | D:8      | Reached skill level 5 in Short Blades
 10665 | D:8      | Reached skill level 5 in Long Blades
 10665 | D:8      | Reached skill level 5 in Maces & Flails
 10665 | D:8      | Reached skill level 5 in Polearms
 10665 | D:8      | Reached skill level 5 in Staves
 10665 | D:8      | Reached skill level 5 in Slings
 10665 | D:8      | Reached skill level 5 in Bows
 10665 | D:8      | Reached skill level 5 in Crossbows
 10665 | D:8      | Reached skill level 5 in Throwing
 10665 | D:8      | Reached skill level 5 in Stealth
 10665 | D:8      | Reached skill level 5 in Shields
 10665 | D:8      | Reached skill level 5 in Unarmed Combat
 10665 | D:8      | Reached skill level 5 in Spellcasting
 10665 | D:8      | Reached skill level 5 in Evocations
 10897 | D:9      | Found a staircase to the Lair.
 11377 | D:9      | Found a blossoming altar of Fedhas.
 11479 | D:9      | Found an ornate altar of the Wu Jian Council.
 11965 | D:9      | Found a bloodstained altar of Trog.
 12070 | D:10     | Entered Level 10 of the Dungeon
 12404 | D:9      | Gained mutation: You occasionally shout uncontrollably at
                  | your foes. [potion of mutation]
 12404 | D:9      | Gained mutation: You possess an exceptional clarity of
                  | mind. [potion of mutation]
 12419 | D:9      | Slain by a vampire mosquito

Illustrated notes

Levels and vault maps discovered:
D:1:      kennysheep_arrival_forest, layout_loops_corners
D:2:      minmay_kobold_bridge, layout_loops_ring, uniq_robin
D:3:      layout_loops_ring, mainiacjoe_overflow_24_doors, wad_orctagon,
          uniq_terence
D:4:      layout_basic, nicolae_overflow_crystal_walls,
          minmay_temple_entry_enclosed_plants, serial_shops,
          nicolae_shop_window_shopping, nicolae_shop_trees, shop, shop, shop
D:5:      layout_basic, gammafunk_temple_overflow_claw, serial_shops,
          nicolae_shop_advertising_works [nicolae_subvault_shop_adworks],
          grunt_decor_clamped, chequers_serial_rivers_room_a,
          minmay_fire_ice_demons
D:6:      layout_layer_cave, mainiacjoe_overflow_concentric_impassable,
          uniq_menkaure
D:7:      layout_basic, mainiacjoe_overflow_six_doors_small, old_standard_altar,
          chequers_serial_rivers_micro_b, nicolae_shop_firing_range
D:8:      layout_cave_pools
D:9:      layout_rooms, mainiacjoe_overflow_alcove_2,
          mainiacjoe_overflow_alcove_4, fedhas_altar_1,
          erik_lair_orcish_takeover, uniq_erolcha
D:10:     layout_layer_cave, mainiacjoe_overflow_paths,
          nicolae_trove_entry_path_of_doom, pond

Skill      XL: |  1  2  3  4  5  6  7  8  9 10 |
---------------+-------------------------------+-----
Short Blades   | 1 2 3 4 5 |  5.4
Long Blades    | 1 2 3 4 5 |  5.4
Maces & Flails | 1 2 3 4 5 |  5.4
Polearms       | 1 2 3 4 5 |  5.4
Staves         | 1 2 3 4 5 |  5.4
Slings         | 1 2 3 4 5 |  5.4
Bows           | 1 2 3 4 5 |  5.4
Crossbows      | 1 2 3 4 5 |  5.4
Throwing       | 1 2 3 4 5 |  5.4
Stealth        | 1 2 3 4 5 |  5.4
Shields        | 1 2 3 4 5 |  5.4
Unarmed Combat | 1 2 3 4 5 |  5.4
Spellcasting   | 1 2 3 4 5 |  5.4
Evocations     | 1 2 3 4 5 |  5.4
Conjurations   | 1 2 3 4 |  4.4
Hexes          | 1 2 3 4 |  4.4
Summonings     | 1 2 3 4 |  4.4
Necromancy     | 1 2 3 4 |  4.4
Translocations | 1 2 3 4 |  4.4
Transmutations | 1 2 3 4 |  4.4
Fire Magic     | 1 2 3 4 |  4.4
Ice Magic      | 1 2 3 4 |  4.4
Air Magic      | 1 2 3 4 |  4.4
Earth Magic    | 1 2 3 4 |  4.4
Poison Magic   | 1 2 3 4 |  4.4
Dodging        | 3 4 5 6 |  6.0
Invocations    | 5 6 7 |  7.5
Axes           | 5 6 7 |  7.1
Armour         | 5 6 7 |  7.1
Fighting       | 7 8 |  8.6

Action                   |  1- 3 |  4- 6 |  7- 9 | 10-12 || total
-------------------------+-------+-------+-------+-------++-------
Melee: Hand axe          |   110 |   175 |   130 |       ||   415
       Bite              |     8 |    12 |    27 |     5 ||    52
       Punch             |       |       |     5 |     3 ||     8
       War axe           |       |       |    87 |    93 ||   180
Throw: Dart              |       |       |     1 |       ||     1
Invok: Depart the Abyss  |     1 |       |       |       ||     1
       Banish            |       |       |     5 |     2 ||     7
  Use: Scroll            |     1 |     6 |    10 |       ||    17
       Potion            |       |       |     2 |     3 ||     5
Armor: Chain mail        |    78 |   145 |    45 |       ||   268
       Scale mail        |       |       |    78 |    60 ||   138
       Skin              |       |       |       |    19 ||    19
Dodge: Dodged            |    57 |    71 |   112 |   102 ||   342

Table legend: (Time is in decaauts)
 A = Elapsed time spent in this place.
 B = Non-inter-level travel time spent in this place.
 C = Inter-level travel time spent in this place.
 D = Time resting spent in this place.
 E = Time spent auto-exploring this place.
 F = Levels seen in this place.
 G = Mean time per level.
                   A        B        C        D        E       F      G
               +--------+--------+--------+--------+--------+-----+--------+
         Total |  12503 |  12221 |    282 |   2094 |   8352 |  12 | 1041.9 |
       Dungeon |  12439 |  12157 |    282 |   2094 |   8333 |  10 | 1243.9 |
         Abyss |     64 |     64 |      0 |      0 |     19 |   2 |   32.0 |
               +--------+--------+--------+--------+--------+-----+--------+

Top non-repeatable levels by time:
     D:8: 2033 daAuts
     D:7: 1629 daAuts
     D:5: 1616 daAuts
     D:9: 1432 daAuts
     D:1: 1379 daAuts
     D:2: 1264 daAuts
     D:3: 1055 daAuts
     D:6: 1041 daAuts
     D:4: 977 daAuts
 Abyss:2: 45 daAuts
 Abyss:1: 19 daAuts
    D:10: 8 daAuts
